[Event "Titled Tuesday Blitz May 18 2021"]
[White "Ward-Tsh"]
[Black "Salem, A.R. Saleh"]
[BlackFideId "9301348"]
[WhiteElo "2472"]
[BlackElo "2659"]
[Result "0-1"]
[Round "01"]
[TimeControl "180+1"]
[Date "2021.05.18"]
[WhiteClock "0:00:01"]
[BlackClock "0:00:09"]

1. e4 c6 2. Nf3 d5 3. Nc3 Bg4 4. h3 Bxf3 5. Qxf3 e6 6. d3 Nd7 7. Bd2 Qb6 8. O-O-O d4 9. Ne2 a5 10. g4 a4 11. g5 a3 12. b3 Bb4 13. h4 Bxd2+ 14. Rxd2 Ne7 15. h5 Qa5 16. Qg3 c5 17. Bg2 Nc6 18. g6 hxg6 19. hxg6 Rxh1+ 20. Bxh1 Nb4 21. gxf7+ Kxf7 22. Kb1 Nd5 23. exd5 Qxd2 24. dxe6+ Kxe6 25. Nf4+ Kf7 26. Bd5+ Kf8 27. Ne6+ Ke7 28. Qxg7+ Kd6 29. Qg3+ Ne5 30. Qg1 Rg8 31. Qh1 Qc3 32. Qc1 Rg1 0-1


[Site "https://www.chess.com"]

[Event "Titled Tuesday Blitz May 18 2021"]
[White "Xiong, Jeffery"]
[Black "Navalgund, Niranjan"]
[WhiteFideId "2047640"]
[BlackFideId "5030854"]
[WhiteElo "2724"]
[BlackElo "2290"]
[Result "1-0"]
[Round "01"]
[TimeControl "180+1"]
[Date "2021.05.18"]
[WhiteClock "0:00:19"]
[BlackClock "0:00:34"]

1. d4 Nf6 2. c4 e6 3. Nc3 Bb4 4. Nf3 O-O 5. Bg5 d6 6. Rc1 Nbd7 7. e3 h6 8. Bh4 e5 9. Be2 Qe8 10. O-O Bxc3 11. Rxc3 Ne4 12. Rc1 f5 13. h3 g5 14. Bg3 Nxg3 15. fxg3 e4 16. Nd2 Nf6 17. b4 Bd7 18. Kh2 Qg6 19. Nb3 Kh8 20. d5 Rf7 21. c5 Raf8 22. cxd6 cxd6 23. Rc7 Ba4 24. Rxf7 Rxf7 25. Qd4 a6 26. Na5 Kh7 27. Rc1 Rg7 28. Rc8 f4 29. Rf8 fxg3+ 30. Kxg3 Rf7 31. Rxf7+ Qxf7 32. Nxb7 Qxd5 33. Qxf6 Qxb7 34. Qxd6 Bb5 35. Bg4 Qf7 36. Qe5 Bd7 37. Qxe4+ Kg8 38. Qa8+ Kh7 39. Qb7 Be8 40. Qxf7+ Bxf7 41. a4 Bc4 42. Kf2 Kg6 43. Be2 Bb3 44. a5 1-0


[Site "https://www.chess.com"]

[Event "Titled Tuesday Blitz May 18 2021"]
[White "Zhukova, Natalia"]
[Black "Sadhwani, Raunak"]
[WhiteFideId "14101513"]
[BlackFideId "35093487"]
[WhiteElo "2369"]
[BlackElo "2514"]
[Result "0-1"]
[Round "01"]
[TimeControl "180+1"]
[Date "2021.05.18"]
[WhiteClock "0:00:01"]
[BlackClock "0:00:33"]

1. c4 c5 2. Nf3 Nc6 3. d4 cxd4 4. Nxd4 g6 5. e4 Bg7 6. Be3 Nf6 7. Nc3 O-O 8. Be2 d6 9. O-O Bd7 10. h3 a5 11. Nf3 a4 12. Rc1 Qa5 13. Nd2 Rfc8 14. Nd5 Nxd5 15. cxd5 Nb4 16. Nc4 Rxc4 17. Rxc4 b5 18. Rd4 Nxa2 19. Qa1 Bxd4 20. Bxd4 Qd2 21. Be3 Qxe2 22. Qxa2 Qd3 23. Rc1 Rc8 24. Qa1 Qxe4 25. Rxc8+ Bxc8 26. Qc1 Bb7 27. Bh6 Qxd5 28. f3 Qc5+ 29. Qxc5 dxc5 30. Kf2 f6 31. Be3 c4 32. Bc5 Kf7 33. Ke3 e5 34. Bb4 Ke6 35. g3 h5 36. f4 g5 37. fxg5 fxg5 38. h4 gxh4 39. gxh4 Kf5 40. Bc5 Bc6 41. Be7 Kg4 42. Bf6 e4 43. Be7 Kg3 44. Bf6 b4 45. Be7 c3 46. bxc3 b3 47. c4 b2 0-1


[Site "https://www.chess.com"]

[Event "Titled Tuesday Blitz May 18 2021"]
[White "kleopl"]
[Black "Fedoseev, Vladimir"]
[BlackFideId "24130737"]
[WhiteElo "2487"]
[BlackElo "2756"]
[Result "0-1"]
[Round "01"]
[TimeControl "180+1"]
[Date "2021.05.18"]
[WhiteClock "0:00:10"]
[BlackClock "0:00:30"]

1. c4 e5 2. Nc3 Nc6 3. Nf3 Nf6 4. e4 h6 5. d4 Bb4 6. d5 Ne7 7. Bd3 Bxc3+ 8. bxc3 d6 9. c5 O-O 10. O-O Nexd5 11. exd5 e4 12. cxd6 exd3 13. Qxd3 cxd6 14. c4 Re8 15. Bb2 Ne4 16. Qd4 f6 17. Rfe1 Bf5 18. Nd2 Nc5 19. Nb3 Nd3 20. Rxe8+ Qxe8 21. c5 Qe2 22. Bc3 Rc8 23. c6 bxc6 24. dxc6 Be4 25. Rf1 Rxc6 26. Nd2 d5 27. f3 Rxc3 28. Qxc3 Qe3+ 29. Kh1 Nf2+ 30. Rxf2 Qxc3 0-1


[Site "https://www.chess.com"]

[Event "Titled Tuesday Blitz May 18 2021"]
[White "serhanberat_ozdemir"]
[Black "Zhigalko, Sergei"]
[BlackFideId "13502956"]
[WhiteElo "2467"]
[BlackElo "2662"]
[Result "1/2-1/2"]
[Round "01"]
[TimeControl "180+1"]
[Date "2021.05.18"]
[WhiteClock "0:00:06"]
[BlackClock "0:00:09"]

1. e4 c5 2. Nf3 Nc6 3. Bb5 Nf6 4. Nc3 Qc7 5. O-O Nd4 6. Bc4 e6 7. d3 a6 8. Nxd4 cxd4 9. Ne2 Nxe4 10. Nxd4 Nf6 11. Bb3 b6 12. Bg5 Bb7 13. Re1 Bd6 14. Nf5 Bxh2+ 15. Kf1 Kf8 16. Qd2 h6 17. Bxf6 gxf6 18. Ne3 Rg8 19. d4 Bf4 20. d5 Qc5 21. Rad1 a5 22. a4 Ba6+ 23. Kg1 h5 24. Qd4 Qxd4 25. Rxd4 Be5 26. Rdd1 Bxb2 27. dxe6 dxe6 28. Rd6 Rb8 29. Red1 Be5 30. Rd7 h4 31. Ra7 Bb7 32. Rd7 Kg7 33. Raxb7 Rxb7 34. Rxb7 Kg6 35. Rxb6 Rd8 36. Rb5 Bc3 37. Kh2 Rd4 38. Kh3 Re4 39. Ng4 f5 40. Ne3 Bd4 41. Nf1 Re1 42. g3 Rxf1 43. gxh4 Rxf2 44. Kg3 Rd2 45. Rxa5 Be3 46. h5+ Kg5 47. Rb5 Bf4+ 48. Kf3 Rh2 49. Rb7 Rh3+ 50. Ke2 Rh2+ 51. Kd3 Kf6 52. a5 Rh3+ 53. Kc4 Rh4 54. Kb5 Be3 55. a6 Rxh5 56. a7 f4+ 57. Kc6 Bxa7 58. Rxa7 f3 59. Ra1 Ke5 60. Rf1 Ke4 61. c4 Ke3 62. c5 Ke2 63. Bc4+ Ke3 64. Kd6 Kd4 65. Ba6 Rd5+ 66. Ke7 Kxc5 67. Rxf3 Rf5 68. Rxf5+ exf5 69. Kf6 f4 70. Bf1 f3 71. Kxf7 Kd4 72. Kf6 Ke3 73. Kf5 Kf2 74. Bb5 Ke3 75. Kg4 f2 76. Kg3 f1=Q 77. Bxf1 1/2-1/2


[Site "https://www.chess.com"]

[Event "Titled Tuesday Blitz May 18 2021"]
[White "Abdusattorov, Nodirbek"]
[Black "Suvorov, Alexander"]
[WhiteFideId "14204118"]
[BlackFideId "12977063"]
[WhiteElo "2662"]
[BlackElo "2221"]
[Result "1-0"]
[Round "02"]
[TimeControl "180+1"]
[Date "2021.05.18"]
[WhiteClock "0:00:14"]
[BlackClock "0:00:29"]

1. d4 Nf6 2. c4 e6 3. Nf3 d5 4. Nc3 Bb4 5. cxd5 exd5 6. Bg5 h6 7. Bh4 O-O 8. e3 Bf5 9. Bd3 Bxd3 10. Qxd3 c6 11. O-O Nbd7 12. Ne5 Qe8 13. Qf5 Bxc3 14. bxc3 Nxe5 15. dxe5 Ne4 16. f4 Nxc3 17. Qh5 f6 18. Qg4 fxe5 19. f5 Qd7 20. Qg6 Qf7 21. Qg4 Qd7 22. Qg6 Qf7 23. Qd6 Rae8 24. g4 d4 25. exd4 exd4 26. f6 g5 27. Bg3 Re6 28. Qc5 Rxf6 29. Rxf6 Qxf6 30. Qc4+ Qf7 31. Qd3 Qf3 32. Qg6+ Kh8 33. Be5+ 1-0


[Site "https://www.chess.com"]

[Event "Titled Tuesday Blitz May 18 2021"]
[White "Alavkin, Arseny"]
[Black "Praggnanandhaa R"]
[WhiteFideId "4120612"]
[BlackFideId "25059530"]
[WhiteElo "2414"]
[BlackElo "2555"]
[Result "0-1"]
[Round "02"]
[TimeControl "180+1"]
[Date "2021.05.18"]
[WhiteClock "0:00:10"]
[BlackClock "0:00:12"]

1. c4 b6 2. Nc3 Bb7 3. Nf3 e6 4. g3 f5 5. Bg2 Nf6 6. O-O Bb4 7. Qb3 a5 8. a3 Bxc3 9. Qxc3 a4 10. d3 O-O 11. Bf4 d6 12. Rad1 Qe7 13. Bc1 Nbd7 14. Ne1 Bxg2 15. Nxg2 e5 16. Bg5 Qe6 17. Bxf6 Nxf6 18. d4 exd4 19. Qxd4 Qxe2 20. Rfe1 Qg4 21. Re7 Qxd4 22. Rxd4 Rf7 23. Re3 Ng4 24. Re2 Ne5 25. Ne1 Re8 26. Kf1 Rfe7 27. Nc2 Nf3 28. Rxe7 Rxe7 29. Rf4 Nd2+ 30. Kg2 Re4 31. Rxf5 Nxc4 32. Nb4 Re2 33. Rf4 Nxb2 34. Nd5 Nd3 35. Rf5 g6 36. Rf6 Kg7 37. Rf3 Rd2 38. Re3 Nxf2 39. Kf3 Nd1 40. Re7+ Kf8 41. Rxc7 Rxd5 42. Rxh7 Rd3+ 43. Kg4 Rxa3 44. Kg5 Re3 45. Kxg6 Re6+ 46. Kf5 Re7 47. Rh8+ Kg7 48. Ra8 Re5+ 49. Kf4 Ra5 50. Rb8 a3 51. Rb7+ Kf6 52. Rxb6 a2 53. Rxd6+ Ke7 54. Rxd1 a1=Q 55. Rxa1 Rxa1 56. h4 Kf6 57. g4 Ra4+ 58. Kg3 Ke5 59. h5 Kf6 60. Kh4 Rb4 61. Kg3 Kg5 62. Kh3 Rb3+ 63. Kg2 Kxg4 64. h6 Rb2+ 0-1


[Site "https://www.chess.com"]

[Event "Titled Tuesday Blitz May 18 2021"]
[White "Artemiev, Vladislav"]
[Black "Ranindu2003"]
[WhiteFideId "24101605"]
[WhiteElo "2783"]
[BlackElo "2627"]
[Result "1-0"]
[Round "02"]
[TimeControl "180+1"]
[Date "2021.05.18"]
[WhiteClock "0:00:17"]
[BlackClock "0:00:04"]

1. d4 Nf6 2. c4 e6 3. Nf3 d5 4. e3 dxc4 5. Bxc4 a6 6. Qe2 b5 7. Bd3 Bb7 8. O-O Nbd7 9. a4 b4 10. e4 Be7 11. Nbd2 c5 12. e5 Nd5 13. Ne4 cxd4 14. Bg5 O-O 15. Nd6 Bxg5 16. Nxb7 Qe7 17. g3 Bh6 18. Nd6 f6 19. Qe4 g6 20. Qh4 Bg7 21. Ne4 Nxe5 22. Nxe5 fxe5 23. Qxe7 Nxe7 24. Ng5 Rf6 25. Ne4 Rff8 26. Rac1 Nd5 27. Rc6 Rfe8 28. Bxa6 b3 29. Bc4 Rxa4 30. Rxe6 1-0


[Site "https://www.chess.com"]

[Event "Titled Tuesday Blitz May 18 2021"]
[White "Baltag, Iulian"]
[Black "Le, Tuan Minh"]
[WhiteFideId "13901419"]
[BlackFideId "12401153"]
[WhiteElo "2366"]
[BlackElo "2450"]
[Result "0-1"]
[Round "02"]
[TimeControl "180+1"]
[Date "2021.05.18"]
[WhiteClock "0:00:05"]
[BlackClock "0:00:15"]

1. d4 d5 2. Nf3 Nf6 3. c4 c6 4. Nbd2 Bf5 5. Qb3 Qc7 6. g3 e6 7. Bg2 Be7 8. O-O O-O 9. a4 a5 10. Nh4 Bg4 11. Re1 Na6 12. h3 Bh5 13. g4 Nd7 14. gxh5 Bxh4 15. Nf3 Bf6 16. h6 Qb6 17. Qxb6 Nxb6 18. c5 Nd7 19. hxg7 Bxg7 20. Bd2 e5 21. e3 Nc7 22. Bc3 e4 23. Nd2 f5 24. Nb3 f4 25. Nxa5 Rab8 26. b4 f3 27. Bf1 Bf6 28. h4 Bxh4 29. Bh3 Rf7 30. Ra2 Nf6 31. Kh2 Rg7 32. Rg1 Rxg1 33. Kxg1 Kf7 34. Kh2 h5 35. Be1 Ng4+ 36. Bxg4 hxg4 37. b5 Ne6 38. Rb2 Rh8 39. Kg1 Bg5 40. bxc6 bxc6 41. Nxc6 g3 42. Ne5+ Kf6 43. fxg3 Bxe3+ 44. Bf2 Bxd4 45. Nd7+ Kf5 46. Bxd4 Nxd4 47. c6 e3 48. c7 Ne2+ 0-1


[Site "https://www.chess.com"]

[Event "Titled Tuesday Blitz May 18 2021"]
[White "Blohberger, Felix"]
[Black "Khusnutdinov, Rustam"]
[WhiteFideId "1632051"]
[BlackFideId "13701703"]
[WhiteElo "2434"]
[BlackElo "2571"]
[Result "1-0"]
[Round "02"]
[TimeControl "180+1"]
[Date "2021.05.18"]
[WhiteClock "0:00:08"]
[BlackClock "0:00:10"]

1. c4 e5 2. Nc3 Nc6 3. e3 Bb4 4. Nd5 Nf6 5. Nxb4 Nxb4 6. a3 Nc6 7. Qc2 d5 8. cxd5 Qxd5 9. Ne2 Be6 10. Nc3 Qd7 11. b4 O-O 12. Bb2 Rad8 13. d3 a5 14. b5 Na7 15. Qa4 b6 16. Be2 Nd5 17. Rb1 f6 18. O-O Qf7 19. Rfc1 Ne7 20. Ba1 Rd7 21. Ne4 Ba2 22. Rb2 Bd5 23. Nd2 Rfd8 24. Rbc2 c5 25. bxc6 Rc7 26. Qh4 Rxc6 27. Rxc6 Naxc6 28. Nc4 b5 29. Nd2 b4 30. axb4 Nxb4 31. Bc3 Nec6 32. Bxb4 Nxb4 33. Nc4 Qc7 34. Qg3 Bf7 35. d4 Rc8 36. dxe5 fxe5 37. Rd1 Bxc4 38. Rc1 Bxe2 39. Rxc7 Rxc7 40. h4 Nd3 41. Kh2 h6 42. h5 Rc6 43. Qh4 Rf6 44. Qc4+ Kh8 45. f3 Rf8 46. Qa6 Nf4 47. Qd6 Nxh5 48. Qxf8+ Kh7 49. Qa3 Nf6 50. Qxa5 e4 51. f4 Bg4 52. Kg3 Kg6 53. Kf2 Bf5 54. Ke1 Ng4 55. Qb6+ Kh7 56. Kd2 h5 57. Kc3 g6 58. Kd4 Kh6 59. Qa7 h4 60. Qe7 Kh5 61. Qg5# 1-0


[Site "https://www.chess.com"]

[Event "Titled Tuesday Blitz May 18 2021"]
[White "Chigaev, Maksim"]
[Black "Mezentsev, Ivan"]
[WhiteFideId "4108116"]
[BlackFideId "13706195"]
[WhiteElo "2646"]
[BlackElo "2295"]
[Result "1-0"]
[Round "02"]
[TimeControl "180+1"]
[Date "2021.05.18"]
[WhiteClock "0:01:18"]
[BlackClock "0:00:19"]

1. Nf3 Nf6 2. g3 g6 3. b3 Bg7 4. Bb2 O-O 5. c4 c5 6. Bg2 Nc6 7. O-O b6 8. d4 cxd4 9. Nxd4 Bb7 10. Nc3 Qc8 11. Nc2 d6 12. e4 h5 13. h3 Nh7 14. Qd2 Rd8 15. f4 e6 16. Ne3 a6 17. Rac1 Qb8 18. Kh2 b5 19. Ne2 Bxb2 20. Qxb2 Ne7 21. f5 exf5 22. exf5 Bxg2 23. fxg6 fxg6 24. Nxg2 Rf8 25. Nef4 Qb6 26. Ne6 Rf7 27. Rxf7 Kxf7 28. Qg7+ Kxe6 29. Re1+ 1-0


[Site "https://www.chess.com"]

[Event "Titled Tuesday Blitz May 18 2021"]
[White "Chiku-Ratte, Olivier-Kenta"]
[Black "Andreikin, Dmitry"]
[WhiteFideId "2614782"]
[BlackFideId "4158814"]
[WhiteElo "2324"]
[BlackElo "2782"]
[Result "1/2-1/2"]
[Round "02"]
[TimeControl "180+1"]
[Date "2021.05.18"]
[WhiteClock "0:00:10"]
[BlackClock "0:00:05"]

1. d4 Nf6 2. c4 e6 3. Nf3 d5 4. Nc3 Nbd7 5. cxd5 exd5 6. Bg5 c6 7. e3 Be7 8. Bd3 O-O 9. Qc2 Re8 10. O-O h6 11. Bh4 Ne4 12. Bxe7 Qxe7 13. Nd2 Nd6 14. Rae1 Nb6 15. b3 Bd7 16. Qb2 Qg5 17. Nf3 Qf6 18. Ne5 Bf5 19. Qc2 Rad8 20. Bxf5 Nxf5 21. a4 Nd7 22. Nd3 Nf8 23. a5 Ng6 24. Ne2 Qg5 25. a6 bxa6 26. Qxc6 Re6 27. Qc7 Nfh4 28. Ng3 Rde8 29. f4 Qe7 30. Qxe7 Nxe7 31. Nc5 Rb6 32. f5 g6 33. fxg6 fxg6 34. Nd7 Nhf5 35. Nxb6 axb6 36. e4 dxe4 37. Nxe4 Rd8 38. g4 Nxd4 39. Re3 Nd5 40. Rh3 Ne2+ 41. Kh1 Ndf4 42. Rhf3 g5 43. Nf6+ Kg7 44. Nh5+ Kg6 45. Ng3 Rd2 46. Re3 Nxg3+ 47. hxg3 Nd3 48. Ref3 Ne5 49. Rf6+ Kg7 50. Rxb6 Nxg4 51. Rb7+ Kg6 52. Rb6+ Kh5 53. Rc1 Nf2+ 54. Kg1 Kg4 55. Kf1 Kxg3 56. Rxh6 g4 57. Rc3+ Rd3 58. Rxd3+ Nxd3 59. Rxa6 Kf3 60. Rf6+ Ke3 61. Kg2 Kd4 62. Rc6 Ne5 63. Rc1 Nd3 64. Rc4+ Kd5 65. Kg3 Nc5 66. Rb4 Nd3 67. Rb8 Kd4 68. Kxg4 Kc3 69. Kf3 Nb4 70. Ke3 Kxb3 71. Kd4 Ka3 72. Kc4 Na2 73. Rb1 Ka4 74. Rb2 Ka3 75. Rh2 Nc1 76. Rc2 Na2 77. Rd2 Nc1 78. Rg2 Na2 79. Rg8 Kb2 80. Rb8+ Kc2 81. Rh8 Nc1 82. Rh2+ Kd1 83. Kc3 Ne2+ 84. Kd3 Nc1+ 85. Ke3 Nb3 86. Rb2 Nc1 87. Rd2+ Ke1 88. Rc2 Kd1 89. Rc3 Na2 90. Rd3+ Kc2 91. Rd2+ Kb3 92. Rh2 Nb4 93. Kd4 Nc2+ 94. Kd3 Nb4+ 95. Kd2 Kc4 96. Rh4+ Kc5 97. Kc3 Nd5+ 98. Kd3 Nb4+ 99. Ke4 Nc6 100. Rh5+ Kc4 101. Rh6 Nb4 102. Rc6+ Nxc6 1/2-1/2


[Site "https://www.chess.com"]

[Event "Titled Tuesday Blitz May 18 2021"]
[White "De Silva, L M S T"]
[Black "Xiong, Jeffery"]
[WhiteFideId "9953698"]
[BlackFideId "2047640"]
[WhiteElo "1621"]
[BlackElo "2724"]
[Result "0-1"]
[Round "02"]
[TimeControl "180+1"]
[Date "2021.05.18"]
[WhiteClock "0:00:45"]
[BlackClock "0:01:16"]

1. e4 c6 2. d4 d5 3. Nc3 dxe4 4. Nxe4 Nf6 5. Nxf6+ exf6 6. c3 Bd6 7. Bd3 O-O 8. Ne2 Re8 9. Qc2 h5 10. O-O h4 11. h3 Nd7 12. Bd2 Nf8 13. Rae1 Be6 14. c4 Bc7 15. f4 b6 16. b3 Rc8 17. f5 Bd7 18. Bf4 Nh7 19. Qd2 Ng5 20. Bxg5 fxg5 21. f6 gxf6 22. Bb1 Kg7 23. Nc3 Rxe1 24. Qxe1 Bg3 25. Qd1 Qe7 26. Ne4 Bf4 27. Rxf4 gxf4 28. Qf3 f5 29. Nf2 Qe1+ 30. Kh2 Qe3 31. Qh5 Qxf2 32. Qg5+ Kf8 33. Qh6+ Ke8 34. Qh8+ Ke7 35. Qe5+ Be6 0-1


[Site "https://www.chess.com"]

[Event "Titled Tuesday Blitz May 18 2021"]
[White "Esipenko, Andrey"]
[Black "Fakhrutdinov, Timur"]
[WhiteFideId "24175439"]
[BlackFideId "24176702"]
[WhiteElo "2595"]
[BlackElo "2405"]
[Result "0-1"]
[Round "02"]
[TimeControl "180+1"]
[Date "2021.05.18"]
[WhiteClock "0:00:10"]
[BlackClock "0:00:09"]

1. e4 c5 2. Nf3 Nc6 3. Bb5 g6 4. Bxc6 dxc6 5. d3 Bg7 6. Nc3 e5 7. a3 Qe7 8. Be3 Nf6 9. h3 Nd7 10. Qd2 h6 11. Ne2 a5 12. g4 a4 13. Ng3 Nf8 14. Rg1 Ne6 15. c3 b6 16. h4 Bf6 17. Bxh6 Bxh4 18. Nxe5 Bxg3 19. fxg3 g5 20. Nxc6 Qd6 21. Bxg5 Qxc6 22. Bf6 Rg8 23. g5 Ba6 24. O-O-O Kd7 25. Kb1 Kc7 26. Rge1 Kb7 27. d4 cxd4 28. cxd4 Qc4 29. Re3 Rac8 30. Rde1 Qb5 31. e5 Rc4 32. d5 Rd4 33. Qh2 Qxd5 34. Qh7 Rc8 35. Qxf7+ Rc7 36. Qe8 Rd1+ 0-1


[Site "https://www.chess.com"]

[Event "Titled Tuesday Blitz May 18 2021"]
[White "Fedoseev, Vladimir"]
[Black "Sellitti, Federico"]
[WhiteFideId "24130737"]
[BlackFideId "821829"]
[WhiteElo "2756"]
[BlackElo "2622"]
[Result "0-1"]
[Round "02"]
[TimeControl "180+1"]
[Date "2021.05.18"]
[WhiteClock "0:00:07"]
[BlackClock "0:00:57"]

1. e4 c5 2. Nf3 Nf6 3. e5 Nd5 4. Nc3 Nxc3 5. dxc3 Nc6 6. Bf4 e6 7. Qd2 Qc7 8. O-O-O h6 9. h4 b6 10. Qe3 Bb7 11. Nd2 Ne7 12. Nc4 Nd5 13. Qg3 O-O-O 14. Nd6+ Bxd6 15. exd6 Qc6 16. Bd2 Rdg8 17. c4 Nf6 18. f3 Ne8 19. Bc3 f6 20. Qf4 g5 21. Qd2 g4 22. Be2 h5 23. fxg4 hxg4 24. g3 Nxd6 25. Bd3 Rf8 0-1


[Site "https://www.chess.com"]

[Event "Titled Tuesday Blitz May 18 2021"]
[White "Gahan, M G"]
[Black "ViditYT"]
[WhiteFideId "5027373"]
[WhiteElo "2264"]
[BlackElo "2948"]
[Result "1/2-1/2"]
[Round "02"]
[TimeControl "180+1"]
[Date "2021.05.18"]
[WhiteClock "0:00:29"]
[BlackClock "0:00:13"]

1. e4 c6 2. d4 d5 3. exd5 cxd5 4. c4 Nf6 5. Nc3 Nc6 6. Nf3 e6 7. Bg5 Be7 8. c5 O-O 9. Bb5 Bd7 10. Bxc6 Bxc6 11. O-O Ne4 12. Bxe7 Qxe7 13. Ne5 f6 14. Nxc6 bxc6 15. Re1 Nxc3 16. bxc3 e5 17. Qa4 Qe6 18. Rab1 Rf7 19. Qa6 Re8 20. Rb7 Rxb7 21. Qxb7 Re7 22. Qb8+ Kf7 23. h3 e4 24. a4 f5 25. a5 Qf6 26. g3 g5 27. Rb1 f4 28. Rb7 Rxb7 29. Qxb7+ Kg6 30. Qd7 e3 31. fxe3 fxg3 32. Qd6 Qxd6 33. cxd6 Kf6 34. Kg2 h5 35. Kxg3 Ke6 36. Kf3 Kxd6 37. e4 dxe4+ 38. Kxe4 Ke6 39. a6 Kf6 40. c4 Ke6 41. c5 Kf6 42. d5 cxd5+ 43. Kxd5 g4 44. hxg4 hxg4 45. c6 Ke7 46. Ke4 Kd6 47. Kf4 Kxc6 48. Kxg4 Kb6 49. Kf3 Kxa6 50. Ke2 Kb5 51. Kd1 Kb4 52. Kc1 Kb3 53. Kb1 a5 54. Ka1 a4 55. Kb1 a3 56. Ka1 a2 1/2-1/2


[Site "https://www.chess.com"]

[Event "Titled Tuesday Blitz May 18 2021"]
[White "Guz, Ari"]
[Black "Naroditsky, Daniel"]
[WhiteFideId "2825759"]
[BlackFideId "2026961"]
[WhiteElo "1847"]
[BlackElo "2608"]
[Result "0-1"]
[Round "02"]
[TimeControl "180+1"]
[Date "2021.05.18"]
[WhiteClock "0:01:40"]
[BlackClock "0:00:18"]

1. d4 Nf6 2. Nf3 g6 3. c4 Bg7 4. Nc3 O-O 5. g3 d6 6. Bg2 Nbd7 7. O-O e5 8. e4 exd4 9. Nxd4 Re8 10. h3 Nc5 11. Re1 Bd7 12. Qc2 Nfxe4 13. Nxe4 Bxd4 14. Bg5 f6 15. Bh6 Bc6 16. Nxc5 dxc5 17. Bxc6 bxc6 18. Bf4 Qd7 19. Kg2 g5 20. Bd2 Rad8 21. Rxe8+ Rxe8 22. Re1 Rxe1 23. Bxe1 Qe6 24. Ba5 Qe5 25. b3 Kg7 26. Qd3 f5 27. Qf3 Qe6 28. Bxc7 Kg6 29. Ba5 h5 30. Bd2 Qd6 31. h4 gxh4 32. gxh4 Qe6 33. Bf4 Qe4 34. Qxe4 fxe4 35. f3 Kf5 36. Kg3 Bf2+ 37. Kxf2 Kxf4 0-1


[Site "https://www.chess.com"]

[Event "Titled Tuesday Blitz May 18 2021"]
[White "Herrera Reyes, Jose Antonio"]
[Black "Bortnyk, Olexandr"]
[WhiteFideId "2274914"]
[BlackFideId "14120828"]
[WhiteElo "2370"]
[BlackElo "2723"]
[Result "0-1"]
[Round "02"]
[TimeControl "180+1"]
[Date "2021.05.18"]
[WhiteClock "0:00:06"]
[BlackClock "0:00:11"]

1. Nf3 Nf6 2. g3 b6 3. Bg2 Bb7 4. d3 g6 5. Nc3 Bg7 6. h4 d5 7. h5 Nxh5 8. Bg5 d4 9. Nb1 h6 10. Bd2 Nf6 11. c3 dxc3 12. Nxc3 c5 13. Qc1 h5 14. Bg5 Ng4 15. O-O Nd7 16. Nb5 O-O 17. d4 a6 18. Nd6 Bc6 19. dxc5 Nxc5 20. Nc4 Ne6 21. Rd1 Qc7 22. Bd2 Rac8 23. b3 Bb5 24. Qa3 Bxa1 25. Rxa1 Bxc4 26. bxc4 Qc5 27. Qxc5 Rxc5 28. Bb4 Rc7 29. Nd2 Rd8 30. Bd5 a5 31. Ba3 Nf6 32. e4 Nd4 33. Rb1 Nxd5 34. exd5 b5 35. cxb5 Rxd5 36. b6 Rb7 37. Nc4 Nb5 38. Bc1 Nd6 39. Ne3 Rd3 40. Kg2 a4 41. Rb4 a3 42. Ra4 Rxb6 43. Ra8+ Kg7 44. Bxa3 Rb7 45. Bc5 Ne4 46. Ba3 Rd2 47. Kf3 f5 48. Kf4 Rxf2+ 49. Ke5 Rxa2 50. Ke6 Ng5+ 51. Ke5 Rb3 52. Nc4 Rxg3 53. Ra7 Rgxa3 54. Nxa3 Nf7+ 55. Kf4 e5+ 56. Kg3 e4 57. Kf4 h4 58. Ra6 h3 59. Rb6 h2 60. Rb1 Rxa3 61. Rg1 Rf3# 0-1


[Site "https://www.chess.com"]

[Event "Titled Tuesday Blitz May 18 2021"]
[White "Horobetz, Graham"]
[Black "Sasikiran, Krishnan"]
[WhiteFideId "2047322"]
[BlackFideId "5004985"]
[WhiteElo "2603"]
[BlackElo "2552"]
[Result "0-1"]
[Round "02"]
[TimeControl "180+1"]
[Date "2021.05.18"]
[WhiteClock "0:00:11"]
[BlackClock "0:01:22"]

1. e4 c5 2. Nf3 d6 3. d4 cxd4 4. Nxd4 Nf6 5. Nc3 a6 6. Be3 e5 7. Nb3 Be6 8. f3 h5 9. Qd2 Nbd7 10. O-O-O b5 11. Kb1 Rc8 12. Nd5 Nxd5 13. exd5 Bf5 14. Bd3 Bxd3 15. Qxd3 Be7 16. f4 O-O 17. f5 Bg5 18. Bf2 Nf6 19. g3 Re8 20. h3 e4 21. Qe2 e3 22. Be1 Re5 23. g4 h4 24. Bc3 Rxc3 25. bxc3 Nxd5 26. Qd3 Qc7 27. Kb2 Nb6 28. Qd4 Bf6 29. Kb1 Re7 30. Qxd6 e2 31. Qd8+ Kh7 32. Qd3 exd1=Q+ 33. Rxd1 Qxc3 0-1


[Site "https://www.chess.com"]

[Event "Titled Tuesday Blitz May 18 2021"]
[White "Jacobson, Brandon"]
[Black "Iskusnyh, Sergei"]
[WhiteFideId "30901561"]
[BlackFideId "4120027"]
[WhiteElo "2362"]
[BlackElo "2492"]
[Result "1-0"]
[Round "02"]
[TimeControl "180+1"]
[Date "2021.05.18"]
[WhiteClock "0:00:05"]
[BlackClock "0:00:01"]

1. d4 d5 2. c4 e6 3. Nf3 dxc4 4. e4 b5 5. a4 c6 6. b3 Nf6 7. axb5 cxb5 8. bxc4 Nxe4 9. cxb5 Bb4+ 10. Nbd2 Bb7 11. Qa4 Nxd2 12. Qxb4 Nxf1 13. Kxf1 a5 14. Qc5 Nd7 15. Qd6 Qb6 16. Ba3 Qxd6 17. Bxd6 Bxf3 18. gxf3 Nb6 19. Bc5 Nd5 20. Ra3 Kd7 21. Ke2 Rhb8 22. Rb1 a4 23. Kd2 Ra5 24. b6 Kc6 25. Rc1 Kb7 26. Rc4 Rba8 27. Rc1 R8a6 28. Bf8 g6 29. Bc5 Nxb6 30. Rb1 Kc6 31. Ke2 Nd5 32. Rb8 Rb5 33. Rc8+ Kd7 34. Rf8 f6 35. Rf7+ Kc6 36. Rxh7 Rb3 37. Rh8 Rxa3 38. Bxa3 Rb6 39. Ra8 Rb3 40. Bc5 Nf4+ 41. Kd2 Rxf3 42. Rxa4 Nd5 43. Ra6+ Kd7 44. Rd6+ Kc7 45. Ke2 Rh3 46. Kf1 Nf4 47. Ra6 Rxh2 48. Bd6+ Kd7 49. Bxf4 Rh4 50. Be3 f5 51. f3 Rh3 52. Ke2 Rh2+ 53. Kd3 Rh3 54. f4 g5 55. Ke2 g4 56. Ra7+ Kc6 57. Kd3 g3 58. Rg7 Kd5 59. Rd7+ Kc6 60. Rg7 Kd5 61. Rg8 Kd6 62. Ke2 Kd5 63. Kf3 g2+ 64. Ke2 Ke4 65. Bg1 Rf3 66. Rxg2 Rxf4 67. Kd2 Kd5 68. Re2 Re4 69. Rh2 Rg4 70. Bf2 f4 71. Rh8 1-0


[Site "https://www.chess.com"]

[Event "Titled Tuesday Blitz May 18 2021"]
[White "Jobava, Baadur"]
[Black "Vetokhin, Savva"]
[WhiteFideId "13601520"]
[BlackFideId "44144474"]
[WhiteElo "2748"]
[BlackElo "2185"]
[Result "1-0"]
[Round "02"]
[TimeControl "180+1"]
[Date "2021.05.18"]
[WhiteClock "0:00:22"]
[BlackClock "0:00:06"]

1. d4 Nf6 2. Nc3 d5 3. Bf4 a6 4. e3 c5 5. a3 e6 6. Nf3 Nc6 7. h3 Bd6 8. dxc5 Bxc5 9. Bd3 O-O 10. O-O b5 11. e4 dxe4 12. Nxe4 Nxe4 13. Bxe4 Bb7 14. c3 Qxd1 15. Rfxd1 Rfd8 16. Ne5 Na5 17. Bxb7 Nxb7 18. b4 Bd6 19. a4 Bxe5 20. Rxd8+ Nxd8 21. Bxe5 Nc6 22. f4 Nxe5 23. fxe5 Rb8 24. Kf2 f6 25. Ke3 Rc8 26. axb5 axb5 27. Kd3 fxe5 28. Ra5 Rb8 29. Ke4 Kf7 30. Kxe5 Rb7 31. Kd6 Kf6 32. Kc6 Rb8 33. Kc7 Re8 34. Rxb5 e5 35. Rb6+ Kf5 36. Kd7 Ra8 37. c4 e4 38. g4+ Kf4 39. b5 Ra7+ 40. Kd8 Ra8+ 41. Kc7 Re8 42. Ra6 e3 43. Ra1 e2 44. Re1 Ke3 45. b6 Kd2 46. Rxe2+ Kxe2 47. c5 Kd3 48. b7 Kc4 49. Kb6 Kd5 50. c6 Re6 51. b8=Q Rxc6+ 52. Kb5 Rc5+ 53. Kb4 Rc4+ 54. Kb3 Rc1 55. Qg8+ Kd6 56. Qxg7 Rc7 57. Qh6+ Ke5 58. Qg5+ Ke6 59. Qf5+ Kd6 60. Qf4+ Kc6 61. h4 Rg7 62. Qf6+ 1-0


[Site "https://www.chess.com"]